 Dungeon Crawl Stone Soup version 0.27.0-1-g7a089689b8 (webtiles) character file.

Game seed: 6337380569633195584

53 yolmi the Skirmisher (level 3, 0/30 HPs)
             Began as a Demonspawn Abyssal Knight on Aug 7, 2021.
             Was a Follower of Lugonu.
             Slain by Sigmund (3 damage)
             ... on level 2 of the Dungeon.
             The game lasted 00:13:46 (1549 turns).

yolmi the Skirmisher (Demonspawn Abyssal Knight)    Turns: 1549, Time: 00:13:47

Health: 0/30       AC:  8    Str: 13    XL:     3   Next: 62%
Magic:  5/5        EV:  6    Int: 13    God:    Lugonu [*.....]
Gold:   46         SH:  0    Dex: 12    Spells: 2/2 levels left

rFire    . . .     SeeInvis .   a - +1 short sword
rCold    . . .     Faith    .   (no shield)
rNeg     . . .     Spirit   .   i - +0 chain mail
rPois    .         Reflect  .   (no helmet)
rElec    .         Harm     .   (no cloak)
rCorr    .         Rampage  .   (no gloves)
Will     .....                  (no boots)
Stlth    ..........             (no amulet)
HPRegen  0.10/turn              (no ring)
MPRegen  0.09/turn              (no ring)

@: confused
A: claws 1
a: Renounce Religion, Depart the Abyss


You were on level 2 of the Dungeon.
You worshipped Lugonu.
Lugonu was aware of your devotion.
You visited 1 branch of the dungeon, and saw 2 of its levels.
You visited the Abyss 1 time.

You collected 46 gold pieces.

Inventory:

Hand Weapons
 a - a +1 short sword (weapon)
Missiles
 c - 7 curare-tipped darts
 g - 11 poisoned darts (quivered)
Armour
 b - a +0 leather armour
 i - a +0 chain mail (worn)
Scrolls
 e - a scroll of blinking
Potions
 f - a potion of haste {unknown}
 h - a potion of curing {unknown}


   Skills:
 + Level 3.7 Fighting
 * Level 2.5 Short Blades
 * Level 0.1 Throwing
 + Level 2.1 Armour
 + Level 0.8 Dodging
 * Level 2.8 Invocations


You had 2 spell levels left.
You didn't know any spells.
Your spell library was empty.

Dungeon Overview and Level Annotations

Branches:
Dungeon (2/15)

Altars:

Annotations:
D:2 Sigmund


Innate Abilities, Weirdness & Mutations

You have sharp fingernails.


Message History

Press: ? - help, Q - select action, (/) - cycle Shift-Dir - straight line, f - Sigmund
Aim: Sigmund, wielding a +0 scythe and wearing a +0 robe (52% to hit)
You throw a poisoned dart. The poisoned dart hits Sigmund.
Sigmund is poisoned.
Sigmund looks more healthy.
Throw: 14 darts (poison)
Press: ? - help, Q - select action, (/) - cycle Shift-Dir - straight line, f/p - Sigmund
Aim: Sigmund, wielding a +0 scythe and wearing a +0 robe (lightly wounded, 53% to hit)
You throw a poisoned dart. The poisoned dart hits Sigmund.
Sigmund is poisoned.
Sigmund is lightly wounded.
Sigmund closely misses you. Sigmund gestures at you while chanting.
You are confused.
Non-targeted confused throw: 13 darts (poison)
Press: ? - help, Q - select action, (/) - cycle Dir - look around, f - activate You throw a poisoned dart.
Sigmund hits you from afar with a +0 scythe!
Non-targeted confused throw: 12 darts (poison)
Press: ? - help, Q - select action, (/) - cycle Dir - look around, f - activate You throw a poisoned dart.
Sigmund hits you but does no damage.
You're too confused to aim your attacks!
Sigmund gestures at you while chanting. The magic dart hits you.
You bump into the rock wall.
Sigmund hits you but does no damage.
You bump into the rock wall.
You feel less confused.
Sigmund looks more healthy.
Sigmund gestures wildly while chanting.
Sigmund flickers and vanishes!
Deactivating autopickup; reactivate with Ctrl-A.
You barely miss something.
You hear some strange, mumbled words.
You are confused.
You bump into the rock wall.
Something hits you. Something hits you.
* * * LOW HITPOINT WARNING * * *
Something hits you.
* * * LOW HITPOINT WARNING * * *
Something hits you.
You die...

#......# #....
#.# #......#
##### ..#
#......#
#.###).....#
###..##......#
.###
#....#####'###
.....#....## #.#
....(#.....# #†#
..........@####†#
.........(.{.(..#
....#....#.#...#
. #....###.#..(#
#....#.## #.#...#
#..#... #..##.#
#. ..#. ##.##.#
##.#... #.##.# #
. #. #.##.#


There were no monsters in sight!

Vanquished Creatures
  An adder (D:2)
  A worm (D:2)
  A dart slug (D:1)
  6 endoplasms
  4 goblins
  3 hobgoblins
  4 kobolds
  2 quokkas (D:1)
  6 ball pythons
  5 bats
  2 rats (D:1)
35 creatures vanquished.

Notes
Turn   | Place    | Note
-------+----------+-------------------------------------------
     0 | Abyss:1  | yolmi the Demonspawn Abyssal Knight began the quest for the
                  | Orb.
     0 | Abyss:1  | Reached XP level 1. HP: 18/18 MP: 2/2
    26 | Abyss:2  | Noticed a red very ugly thing
    26 | Abyss:2  | Noticed a red very ugly thing
    30 | Abyss:2  | Noticed a thrashing horror
    48 | D:1      | Escaped the Abyss
   278 | D:1      | Gained mutation: You have sharp fingernails. [demonic
                  | ancestry]
   278 | D:1      | Reached XP level 2. HP: 16/24 MP: 4/4
   394 | D:1      | Reached * piety under Lugonu
  1036 | D:1      | Reached XP level 3. HP: 26/30 MP: 5/5
  1531 | D:2      | Noticed Sigmund
  1549 | D:2      | Slain by Sigmund

Illustrated notes

Levels and vault maps discovered:
D:1:      giann_wishing_wells, layout_basic
D:2:      layout_basic, chequers_ecumenical_altar_simple_redux,
          minmay_misc_feat_pillars, uniq_crazy_yiuf_cottage, uniq_sigmund,
          uniq_jessica

Skill      XL: |  1  2 |
---------------+-------+-----
Short Blades   | 2 |  2.5
Armour         | 2 |  2.1
Fighting       | |  3.7
Throwing       | |  0.1
Dodging        | |  0.8
Invocations    | |  2.8

Action                   || total
-------------------------++-------
Melee: Short sword       ||   105
Throw: Dart              ||    12
Invok: Depart the Abyss  ||     1
  Use: Scroll            ||     3
Armor: Leather armour    ||    17
       Chain mail        ||    21
Dodge: Dodged            ||    41
